 Dungeon Crawl Stone Soup version 0.21-a0-140-g479285b (webtiles) character file.

323 tilp the Conjurer (level 6, -14/47 HPs)
             Began as a Hill Orc Fire Elementalist on July 20, 2017.
             Demolished by an ogre
             ... wielding a +0 giant spiked club
              (25 damage)
             ... on level 4 of the Dungeon.
             The game lasted 00:12:43 (3583 turns).

tilp the Conjurer (Hill Orc Fire Elementalist)      Turns: 3583, Time: 00:12:44

Health: -14/47     AC:  7    Str: 11    XL:     6   Next: 47%
Magic:  4/9        EV: 11    Int: 17    God:
Gold:   244        SH:  5    Dex: 11    Spells: 3/9 levels left

rFire    . . .     SeeInvis .   q - +3 dagger
rCold    . . .     Gourm    .   l - +2 buckler
rNeg     . . .     Faith    .   t - +0 leather armour
rPois    .         Spirit   .   y - +0 helmet
rElec    .         Reflect  .   d - +1 cloak
rCorr    .         Harm     .   r - +0 pair of gloves
MR       .....                  (no boots)
Stlth    +.........             (no amulet)
HPRegen  0.15/turn              (no ring)
MPRegen  0.11/turn              (no ring)

@: lethally poisoned (-14 -> -16), drained
A: no striking features
a: no special abilities


You were on level 4 of the Dungeon.
You were not hungry.

You visited 1 branch of the dungeon, and saw 4 of its levels.

You collected 244 gold pieces.

Inventory:

Hand Weapons
 q - a +3 dagger (weapon)
 w - a +1 long sword
Missiles
 i - 134 stones (quivered)
Armour
 a - a +0 robe
 d - a +1 cloak (worn)
 l - a +2 buckler (worn)
 r - a +0 pair of gloves (worn)
 t - a +0 leather armour (worn)
 y - a +0 helmet (worn)
Jewellery
 u - a cursed ring of teleportation {unknown}
Wands
 s - a wand of polymorph (11/24)
Scrolls
 f - a scroll of enchant weapon
 j - 3 scrolls of teleportation
 m - a scroll of recharging {unknown}
 x - a scroll of amnesia {unknown}
 z - a scroll of remove curse {unknown}
 A - a scroll of enchant armour {unknown}
Potions
 e - 2 potions of mutation {unknown}
 g - a potion of curing {unknown}
 n - 2 potions of haste {unknown}
 o - a potion of brilliance {unknown}
 p - a potion of flight {unknown}
 v - a potion of might {unknown}
Books
 b - a book of Flames

   Spells                             Type                      Level
   a - Flame Tongue                   Conjuration/Fire             1
   b - Throw Flame                    Conjuration/Fire             2
   c - Conjure Flame                  Conjuration/Fire             3
   d - Inner Flame                    Hexes/Fire                   3
   e - Sticky Flame                   Conjuration/Fire             4
   f - Fireball                       Conjuration/Fire             5
Comestibles
 c - 4 bread rations
 h - a chunk of flesh


   Skills:
 + Level 1.6(1.3) Fighting
 + Level 3.0(2.7) Dodging
 - Level 1.5(1.2) Stealth
 - Level 2.1(1.8) Spellcasting
 * Level 4.3(4.0) Conjurations
 * Level 4.1(3.7) Fire Magic


You had 3 spell levels left.
You knew the following spells:

 Your Spells              Type           Power        Failure   Level  Hunger
a - Flame Tongue          Conj/Fire      ##...        9%          1    #......
b - Throw Flame           Conj/Fire      ##....       13%         2    ###....
c - Conjure Flame         Conj/Fire      ##......     26%         3    ###....


Dungeon Overview and Level Annotations

Branches:
Dungeon (4/15)
 Temple: D:4-7

Altars:
Elyvilon
Kikubaaqudgha
Makhleb
Yredelemnul


Message History

The flame tongue hits the ogre.
The ogre is moderately wounded.
The ogre hits you with a giant spiked club!!
* * * LOW HITPOINT WARNING * * *
You feel sick.
You feel sick.
Your magical contamination has completely faded away.
You feel sick.
You hear the slow hiss of a distant avalanche of sand.
You feel sick.
Casting: Flame Tongue
Confirm with . or Enter, or press ? or * to list all spells.
Aiming: Flame Tongue
Press: ? - help, Shift-Dir - straight line, f/p - ogre
Aim: an ogre, wielding a giant spiked club (moderately wounded)
The flame tongue hits the ogre.
The ogre is moderately wounded.
The ogre hits you with a giant spiked club!!
Ouch! That really hurt!
You die...

*,* *,* **,***,*,,,**
********** *,* *,* *,**
**,,,,,, ,,,,,,,,,* *,* *,*
*,,***,,,,,** ********,* *,*
*,***,,,*.*,*,** #.# *,*
*,,,,,,*.#*,*,* #.#**,*
*****,,..,,,,,* #..,,,*
*,.#,**,***
**###*##.############..#.#*,*
,*#..,..?......O@.......<.,,*
,*#.#**#.####.####.#####.****
.##.####.####.# #<# *,*
..............# #.# *,*
....O...#####.# #.# *,*
....###O# #.# #.# *,* ..###
#.# #.# *#.#****,* ..*
#.#####.# *...,,,,,* .**
#.......# *.##**,***


You could see an ogre.

Vanquished Creatures
  3 wights (D:3)
  Terence (D:2)
  A worker ant (D:4)
  3 gnolls (D:3)
  5 adders (D:2)
  3 worms
  2 dart slugs (D:1)
  2 leopard geckos (D:2)
  4 orcs (D:3)
  A ball python (D:2)
  6 bats
  2 giant cockroaches (D:2)
  8 goblins
  4 hobgoblins (D:1)
  A quokka (D:2)
  A frilled lizard (D:1)
  8 kobolds
  12 rats
67 creatures vanquished.

Vanquished Creatures (others)
  A hobgoblin (D:1)
1 creature vanquished.

Grand Total: 68 creatures vanquished

Notes
Turn   | Place    | Note
-------+----------+-------------------------------------------
     0 | D:1      | tilp the Hill Orc Fire Elementalist began the quest for the Orb.
     0 | D:1      | Reached XP level 1. HP: 14/14 MP: 3/3
   382 | D:1      | Reached XP level 2. HP: 17/20 MP: 5/5
   524 | D:1      | Learned a level 2 spell: Throw Flame
  1154 | D:2      | Reached XP level 3. HP: 23/26 MP: 1/6
  1159 | D:2      | Learned a level 3 spell: Conjure Flame
  1459 | D:2      | Found an ancient bone altar of Kikubaaqudgha.
  1470 | D:2      | Reached XP level 4. HP: 29/33 MP: 5/7
  1750 | D:2      | Noticed Terence
  1770 | D:2      | Killed Terence
  2086 | D:2      | Reached XP level 5. HP: 38/38 MP: 4/8
  2488 | D:3      | Found a burning altar of Makhleb.
  2573 | D:3      | Reached skill level 1 in Fighting
  2677 | D:3      | Reached XP level 6. HP: 17/47 MP: 0/9
  3037 | D:3      | Found a white marble altar of Elyvilon.
  3087 | D:3      | Found a basalt altar of Yredelemnul.
  3583 | D:4      | Demolished by an ogre

Vault maps used:
D:1:      scummos_arrival_forest, lemuel_flame_loot_1
D:2:      kiku_gazebo_pond_becter, first_bread, uniq_terence
D:3:      kennysheep_ying_yang, lemuel_round_altar
D:4:      enter_ossuary_2

Skill      XL: |  1  2  3  4  5  6 |
---------------+-------------------+-----
Spellcasting   | 2 |  2.1
Conjurations   | 2 3 4 |  4.3
Dodging        | 2 3 |  3.0
Fighting       | 1 |  1.6
Fire Magic     | 4 |  4.1
Stealth        | |  1.5

Action                   |  1- 3 |  4- 6 || total
-------------------------+-------+-------++-------
Melee: Club              |    10 |       ||    10
       Unarmed           |     1 |       ||     1
       Short sword       |    47 |       ||    47
       Dagger            |     7 |   121 ||   128
Throw: Stone             |    14 |    19 ||    33
 Cast: Flame Tongue      |    32 |    64 ||    96
       Conjure Flame     |       |     3 ||     3
  Use: Scroll            |       |     4 ||     4
 Stab: Sleeping          |     1 |     1 ||     2
  Eat: Chunk             |     2 |     5 ||     7
       Meat ration       |       |     1 ||     1
Armor: Robe              |    20 |     9 ||    29
       Leather armour    |       |    23 ||    23
Dodge: Dodged            |    36 |    57 ||    93
Block: Buckler           |     8 |    29 ||    37
